General information
- name: BNet
- type: Ladder team game (AT/RT)
- host: Battle.net
- saver: Dotafan
map: FullScaleAssault
- players: 8
- length: 43:40
- speed: Fast
- version: 1.26 W3XP
- replay type: Public
» download(310 KB)
Players
team 1 (winner)
dontcare (
teal | 38 APM | 1665 actions | 43:39)
7 Demon Hunter
3 Mana Burn
3 Evasion
1 Metamorphosis
» actions
| Assign group hotkey | 64 | |
| Basic commands | 107 | |
| Build / train | 136 | |
| Enter build submenu | 48 | |
| Enter hero's abilities submenu | 7 | |
| Give item / drop item | 2 | |
| Right click | 783 | |
| Select / deselect | 386 | |
| Select group hotkey | 38 | |
| Use ability | 94 | |
1665 total
» units
| Wisp | 72 | |
| Archer | 12 | |
| Goblin Shredder | 3 | |
| Huntress | 1 | |
| Hippogryph | 7 | |
| Dryad | 9 | |
| Chimaera | 1 | |
105 total
» upgrades
| Strength of the Moon | 1 | |
| Moon Armor | 1 | |
| Abolish Magic | 1 | |
| Strength of the Wild | 3 | |
| Reinforced Hides | 2 | |
| Well Spring | 1 | |
| Corrosive Breath | 1 | |
10 total
» buildings
| Moon Well | 13 | |
| Ancient of War | 2 | |
| Altar of Elders | 2 | |
| Ancient of Wonders | 3 | |
| Tree of Ages | 3 | |
| Tree of Life | 8 | |
| Hunter's Hall | 1 | |
| Ancient Protector | 6 | |
| Ancient of Lore | 2 | |
| Ancient of Wind | 2 | |
| Tree of Eternity | 1 | |
| Chimaera Roost | 2 | |
45 total
» build order
00:23 Moon Well
00:38 Ancient of War
00:55 Moon Well
01:41 Altar of Elders
02:07 Ancient of Wonders
02:37 Moon Well
03:23 Moon Well
04:05 Tree of Ages
04:28 Moon Well
05:37 Moon Well
05:42 Tree of Life
05:49 Hunter's Hall
07:03 Ancient Protector
07:07 Ancient Protector
07:35 Ancient Protector
07:51 Ancient Protector
08:48 Tree of Life
09:11 Tree of Life
09:16 Ancient of Wonders
09:22 Ancient of War
13:53 Tree of Ages
15:27 Ancient Protector
15:31 Ancient Protector
20:06 Altar of Elders
20:12 Moon Well
21:16 Tree of Life
21:31 Tree of Life
23:32 Tree of Life
28:39 Moon Well
29:21 Moon Well
29:28 Moon Well
29:33 Moon Well
30:33 Ancient of Wonders
31:33 Tree of Ages
32:33 Tree of Life
33:57 Ancient of Lore
34:00 Ancient of Wind
34:07 Ancient of Wind
34:19 Ancient of Lore
36:54 Moon Well
38:21 Tree of Eternity
38:44 Moon Well
40:23 Tree of Life
41:08 Chimaera Roost
42:10 Chimaera Roost
» items
| Scroll of Regeneration | 1 | |
| Dust of Appearance | 1 | |
| Potion of Healing | 3 | |
| Scroll of Town Portal | 2 | |
| Staff of Teleportation | 1 | |
| Potion of Lesser Invulnerability | 1 | |
9 total

»
puffpuffpassit1 (
orange | 73 APM | 3179 actions | 43:39)
6 Archmage
3 Summon Water Elemental
2 Brilliance Aura
1 Mass Teleport
5 Mountain King
3 Storm Bolt
2 Thunder Clap
5 Paladin
3 Holy Light
2 Divine Shield
» actions
| Assign group hotkey | 92 | |
| Basic commands | 1 | |
| Build / train | 146 | |
| ESC pressed | 12 | |
| Enter build submenu | 32 | |
| Enter hero's abilities submenu | 16 | |
| Right click | 1219 | |
| Select / deselect | 561 | |
| Select group hotkey | 917 | |
| Use ability | 183 | |
3179 total
» units
| Peasant | 31 | |
| Footman | 5 | |
| Rifleman | 15 | |
| Sorceress | 5 | |
| Priest | 4 | |
| Mortar Team | 9 | |
| Goblin Zeppelin | 1 | |
| Flying Machine | 3 | |
| Siege Engine | 8 | |
81 total
» upgrades
| Masonry | 1 | |
| Gunpowder | 2 | |
| Armor | 1 | |
| Long Rifles | 1 | |
| Lumber Harvesting | 1 | |
| Plating | 3 | |
| Barrage | 1 | |
| Sorceress Training | 1 | |
| Flare | 2 | |
13 total
» buildings
| Altar of Kings | 1 | |
| Farm | 15 | |
| Barracks | 1 | |
| Arcane Vault | 1 | |
| Blacksmith | 1 | |
| Town Hall | 4 | |
| Scout Tower | 1 | |
| Lumber Mill | 1 | |
| Keep | 1 | |
| Arcane Sanctum | 2 | |
| Workshop | 2 | |
| Castle | 1 | |
31 total
» build order
00:37 Altar of Kings
00:38 Farm
00:53 Barracks
01:11 Farm
01:14 Arcane Vault
01:36 Farm
02:30 Farm
02:34 Blacksmith
04:22 Town Hall
04:28 Scout Tower
05:22 Lumber Mill
08:24 Keep
10:58 Arcane Sanctum
11:00 Arcane Sanctum
11:08 Farm
11:09 Farm
11:11 Farm
12:24 Workshop
12:25 Workshop
14:07 Town Hall
16:37 Town Hall
20:39 Castle
24:06 Farm
24:09 Farm
24:17 Farm
32:20 Farm
32:21 Farm
33:45 Farm
35:03 Farm
36:42 Farm
41:13 Town Hall
» items
| Scroll of Regeneration | 4 | |
| Dust of Appearance | 1 | |
| Lesser Clarity Potion | 2 | |
| Scroll of Town Portal | 7 | |
| Potion of Healing | 6 | |
| Potion of Mana | 1 | |
| Scroll of Healing | 1 | |
| Potion of Lesser Invulnerability | 1 | |
23 total
Kaelthas7 (
purple | 46 APM | 2008 actions | 43:39)
8 Mountain King
3 Storm Bolt
3 Bash
1 Avatar
1 Thunder Clap
7 Paladin
3 Holy Light
3 Divine Shield
1 Resurrection
» actions
| Assign group hotkey | 16 | |
| Basic commands | 1 | |
| Build / train | 96 | |
| Enter build submenu | 27 | |
| Enter hero's abilities submenu | 15 | |
| Give item / drop item | 7 | |
| Right click | 600 | |
| Select / deselect | 259 | |
| Select group hotkey | 889 | |
| Use ability | 98 | |
2008 total
» units
| Peasant | 27 | |
| Footman | 5 | |
| Gryphon Rider | 16 | |
48 total
» upgrades
| Defend | 1 | |
| Masonry | 3 | |
| Swords | 3 | |
| Armor | 3 | |
| Lumber Harvesting | 2 | |
| Storm Hammers | 1 | |
| Animal War Training | 1 | |
14 total
» buildings
| Altar of Kings | 1 | |
| Barracks | 1 | |
| Farm | 10 | |
| Lumber Mill | 1 | |
| Keep | 1 | |
| Blacksmith | 1 | |
| Castle | 1 | |
| Gryphon Aviary | 2 | |
| Scout Tower | 9 | |
| Guard Tower | 8 | |
| Town Hall | 2 | |
37 total
» build order
00:16 Altar of Kings
00:22 Barracks
00:34 Farm
01:14 Farm
01:33 Lumber Mill
01:54 Farm
03:26 Farm
04:18 Farm
04:41 Keep
05:26 Blacksmith
07:17 Castle
07:25 Gryphon Aviary
07:29 Gryphon Aviary
09:23 Farm
10:18 Farm
11:13 Farm
12:42 Farm
19:27 Farm
19:37 Scout Tower
22:01 Guard Tower
22:04 Scout Tower
22:23 Scout Tower
22:38 Guard Tower
22:41 Scout Tower
22:55 Guard Tower
22:58 Scout Tower
23:12 Guard Tower
23:17 Scout Tower
23:52 Guard Tower
23:56 Scout Tower
23:59 Scout Tower
24:27 Guard Tower
24:37 Guard Tower
28:34 Town Hall
35:33 Scout Tower
36:09 Guard Tower
39:23 Town Hall
» items
| Boots of Speed | 2 | |
| Scroll of Town Portal | 3 | |
| Orb of Fire | 2 | |
7 total
Dotafan (
red | 94 APM | 4094 actions | 43:40)
9 Blood Mage
3 Flame Strike
3 Siphon Mana
1 Summon Phoenix
2 Banish
» actions
| Assign group hotkey | 90 | |
| Basic commands | 181 | |
| Build / train | 295 | |
| ESC pressed | 9 | |
| Enter build submenu | 114 | |
| Enter hero's abilities submenu | 9 | |
| Give item / drop item | 9 | |
| Right click | 1445 | |
| Select / deselect | 588 | |
| Select group hotkey | 1027 | |
| Use ability | 327 | |
4094 total
» units
| Peasant | 42 | |
| Footman | 12 | |
| Goblin Shredder | 3 | |
| Sorceress | 2 | |
| Gryphon Rider | 4 | |
| Dragonhawk Rider | 9 | |
| Siege Engine | 11 | |
| Flying Machine | 8 | |
| Goblin Zeppelin | 1 | |
92 total
» upgrades
| Masonry | 3 | |
| Defend | 1 | |
| Swords | 3 | |
| Sorceress Training | 2 | |
| Magic Sentry | 1 | |
| Lumber Harvesting | 1 | |
| Armor | 3 | |
| Flak Cannons | 1 | |
| Flying Machine Bombs | 1 | |
| Cloud | 1 | |
| Gunpowder | 3 | |
| Plating | 3 | |
| Animal War Training | 1 | |
| Barrage | 1 | |
| Storm Hammers | 1 | |
26 total
» buildings
| Altar of Kings | 2 | |
| Barracks | 1 | |
| Farm | 17 | |
| Arcane Vault | 1 | |
| Town Hall | 3 | |
| Lumber Mill | 3 | |
| Scout Tower | 69 | |
| Arcane Tower | 6 | |
| Guard Tower | 100 | |
| Keep | 8 | |
| Blacksmith | 2 | |
| Arcane Sanctum | 1 | |
| Castle | 5 | |
| Gryphon Aviary | 4 | |
| Workshop | 6 | |
228 total
» build order
00:07 Altar of Kings
00:09 Barracks
00:20 Farm
01:14 Farm
01:39 Farm
02:24 Farm
03:13 Arcane Vault
03:41 Town Hall
04:07 Lumber Mill
04:43 Scout Tower
04:49 Scout Tower
04:52 Scout Tower
04:57 Scout Tower
05:26 Arcane Tower
05:28 Guard Tower
05:28 Guard Tower
05:44 Scout Tower
05:47 Scout Tower
06:51 Guard Tower
06:57 Guard Tower
06:57 Guard Tower
07:19 Guard Tower
08:20 Keep
08:20 Keep
08:55 Blacksmith
09:40 Keep
10:15 Scout Tower
10:15 Scout Tower
10:16 Scout Tower
10:18 Scout Tower
10:19 Scout Tower
10:19 Scout Tower
10:21 Scout Tower
10:50 Arcane Sanctum
10:53 Guard Tower
11:16 Scout Tower
11:20 Scout Tower
11:24 Scout Tower
12:00 Guard Tower
13:02 Scout Tower
13:02 Scout Tower
13:03 Scout Tower
13:16 Castle
13:28 Scout Tower
13:28 Scout Tower
13:30 Scout Tower
13:31 Scout Tower
13:31 Scout Tower
13:33 Scout Tower
13:34 Scout Tower
13:37 Scout Tower
13:54 Guard Tower
13:54 Guard Tower
13:58 Scout Tower
13:59 Scout Tower
14:00 Scout Tower
14:01 Scout Tower
14:02 Scout Tower
14:07 Scout Tower
14:30 Guard Tower
14:31 Guard Tower
14:31 Guard Tower
14:31 Guard Tower
14:32 Guard Tower
14:33 Guard Tower
14:33 Guard Tower
14:33 Guard Tower
14:35 Guard Tower
14:35 Guard Tower
14:35 Guard Tower
14:36 Guard Tower
14:36 Guard Tower
14:36 Guard Tower
14:44 Arcane Tower
14:44 Guard Tower
14:44 Guard Tower
14:45 Guard Tower
14:47 Lumber Mill
14:53 Guard Tower
14:53 Guard Tower
14:54 Guard Tower
14:54 Guard Tower
14:55 Guard Tower
16:28 Town Hall
16:32 Scout Tower
16:33 Scout Tower
16:35 Scout Tower
16:36 Scout Tower
16:41 Scout Tower
16:42 Scout Tower
16:44 Scout Tower
17:07 Guard Tower
17:08 Guard Tower
17:08 Guard Tower
17:08 Guard Tower
17:11 Scout Tower
17:12 Scout Tower
17:15 Guard Tower
17:15 Guard Tower
17:15 Guard Tower
17:16 Guard Tower
17:16 Guard Tower
17:16 Guard Tower
17:22 Guard Tower
17:23 Guard Tower
17:23 Guard Tower
18:36 Guard Tower
18:36 Guard Tower
18:36 Guard Tower
19:19 Gryphon Aviary
19:21 Workshop
19:22 Workshop
19:24 Gryphon Aviary
19:25 Gryphon Aviary
19:28 Gryphon Aviary
19:30 Farm
20:52 Scout Tower
20:52 Scout Tower
20:53 Scout Tower
20:54 Scout Tower
20:55 Scout Tower
23:10 Guard Tower
23:10 Guard Tower
23:10 Guard Tower
24:26 Farm
24:28 Farm
24:33 Farm
24:34 Farm
27:54 Scout Tower
27:54 Scout Tower
27:55 Scout Tower
27:55 Scout Tower
27:56 Scout Tower
27:57 Scout Tower
28:26 Guard Tower
28:26 Guard Tower
28:27 Guard Tower
28:27 Guard Tower
28:27 Guard Tower
28:29 Scout Tower
28:36 Scout Tower
28:37 Scout Tower
28:38 Scout Tower
28:58 Scout Tower
28:59 Scout Tower
29:00 Scout Tower
29:01 Scout Tower
29:02 Scout Tower
29:03 Scout Tower
29:03 Scout Tower
29:18 Guard Tower
29:18 Guard Tower
29:19 Guard Tower
30:23 Guard Tower
30:23 Guard Tower
30:52 Guard Tower
30:52 Guard Tower
30:53 Guard Tower
30:58 Town Hall
31:02 Scout Tower
31:03 Scout Tower
31:04 Scout Tower
31:05 Scout Tower
31:06 Scout Tower
31:42 Guard Tower
31:42 Guard Tower
32:16 Guard Tower
32:16 Guard Tower
32:17 Guard Tower
34:07 Altar of Kings
35:11 Lumber Mill
35:14 Blacksmith
35:18 Castle
35:18 Castle
35:18 Castle
35:23 Arcane Tower
35:24 Arcane Tower
35:24 Arcane Tower
35:33 Farm
35:34 Farm
35:35 Farm
35:40 Farm
38:49 Workshop
38:50 Workshop
38:51 Workshop
38:52 Workshop
42:37 Farm
42:40 Keep
42:40 Keep
42:49 Farm
42:49 Farm
43:05 Farm
» items
| Scroll of Regeneration | 8 | |
| Lesser Clarity Potion | 6 | |
| Scroll of Town Portal | 6 | |
| Staff of Teleportation | 1 | |
| Potion of Invisibility | 3 | |
| Potion of Healing | 3 | |
| Potion of Mana | 2 | |
| Staff of Sanctuary | 1 | |
| Potion of Lesser Invulnerability | 1 | |
31 total
team 2 (loser)

»
impulseeyoreor (
pink | 62 APM | 2336 actions | 37:52)
6 Paladin
2 Holy Light
2 Divine Shield
2 Devotion Aura
5 Mountain King
3 Storm Bolt
2 Bash
» actions
| Assign group hotkey | 29 | |
| Basic commands | 9 | |
| Build / train | 115 | |
| Enter build submenu | 28 | |
| Enter hero's abilities submenu | 11 | |
| Give item / drop item | 2 | |
| Remove unit from queue | 4 | |
| Right click | 1146 | |
| Select / deselect | 452 | |
| Select group hotkey | 458 | |
| Use ability | 82 | |
2336 total
» units
| Peasant | 32 | |
| Footman | 14 | |
| Goblin Shredder | 1 | |
| Flying Machine | 9 | |
| Knight | 6 | |
| Mortar Team | 2 | |
64 total
» upgrades
| Swords | 1 | |
| Defend | 1 | |
| Gunpowder | 2 | |
| Plating | 3 | |
| Flak Cannons | 1 | |
| Flying Machine Bombs | 1 | |
| Animal War Training | 1 | |
10 total
» buildings
| Farm | 15 | |
| Altar of Kings | 1 | |
| Barracks | 3 | |
| Lumber Mill | 1 | |
| Blacksmith | 1 | |
| Town Hall | 1 | |
| Keep | 1 | |
| Castle | 3 | |
| Workshop | 4 | |
30 total
» build order
00:13 Farm
00:14 Altar of Kings
00:51 Farm
01:16 Barracks
01:30 Farm
02:06 Farm
02:44 Lumber Mill
03:03 Barracks
03:08 Barracks
04:24 Farm
04:30 Blacksmith
05:21 Town Hall
05:31 Farm
09:40 Keep
10:46 Farm
14:21 Castle
14:22 Castle
15:29 Castle
18:18 Workshop
18:20 Workshop
18:23 Workshop
19:28 Workshop
19:30 Farm
19:31 Farm
20:12 Farm
20:14 Farm
20:34 Farm
20:49 Farm
20:50 Farm
22:10 Farm
» items
| Boots of Speed | 2 | |
| Periapt of Vitality | 3 | |
| Potion of Lesser Invulnerability | 2 | |
| Scroll of Town Portal | 4 | |
11 total
DoUevenLIFT. (
blue | 95 APM | 2637 actions | 27:54)
9 Priestess of the Moon
3 Trueshot Aura
3 Scout
1 Starfall
2 Searing Arrows
» actions
| Assign group hotkey | 40 | |
| Basic commands | 5 | |
| Build / train | 70 | |
| Enter build submenu | 15 | |
| Enter hero's abilities submenu | 9 | |
| Give item / drop item | 4 | |
| Right click | 1088 | |
| Select / deselect | 571 | |
| Select group hotkey | 790 | |
| Use ability | 45 | |
2637 total
» units
| Wisp | 10 | |
| Archer | 21 | |
| Hippogryph | 10 | |
41 total
» upgrades
| Improved Bows | 1 | |
| Hippogryph Taming | 1 | |
| Strength of the Moon | 3 | |
| Moon Armor | 3 | |
| Ultravision | 1 | |
| Well Spring | 1 | |
| Marksmanship | 1 | |
11 total
» buildings
| Altar of Elders | 1 | |
| Moon Well | 7 | |
| Ancient of War | 2 | |
| Tree of Ages | 1 | |
| Tree of Eternity | 1 | |
| Ancient of Wind | 2 | |
| Hunter's Hall | 2 | |
| Tree of Life | 1 | |
17 total
» build order
00:47 Altar of Elders
00:51 Moon Well
00:53 Moon Well
01:49 Ancient of War
01:50 Ancient of War
02:01 Moon Well
02:52 Moon Well
06:02 Tree of Ages
07:02 Moon Well
07:03 Moon Well
07:04 Moon Well
08:28 Tree of Eternity
10:02 Ancient of Wind
10:02 Ancient of Wind
11:25 Hunter's Hall
11:26 Hunter's Hall
27:03 Tree of Life
» items
| Boots of Speed | 1 | |
| Staff of Teleportation | 1 | |
| Dust of Appearance | 1 | |
| Scroll of Town Portal | 1 | |
| Scroll of Protection | 1 | |
| Scroll of Healing | 1 | |
6 total

»
BnetPolice (
yellow | 72 APM | 2799 actions | 38:36)
6 Lich
3 Frost Nova
2 Frost Armor
1 Death and Decay
5 Death Knight
3 Death Coil
2 Unholy Aura
5 Dreadlord
2 Carrion Swarm
3 Vampiric Aura
1 Priestess of the Moon
1 Searing Arrows
» actions
| Assign group hotkey | 32 | |
| Build / train | 176 | |
| Enter build submenu | 28 | |
| Enter hero's abilities submenu | 19 | |
| Give item / drop item | 7 | |
| Right click | 703 | |
| Select / deselect | 449 | |
| Select group hotkey | 1189 | |
| Use ability | 196 | |
2799 total
» units
| Acolyte | 23 | |
| Ghoul | 19 | |
| Crypt Fiend | 7 | |
| Goblin Zeppelin | 1 | |
| Goblin Shredder | 1 | |
| Frost Wyrm | 10 | |
| Blue Dragon | 3 | |
| Huntress | 4 | |
68 total
» upgrades
| Cannibalize | 1 | |
| Creature Attack | 3 | |
| Creature Carapace | 4 | |
| Web | 1 | |
| Freezing Breath | 1 | |
| Upgrade Moon Glaive | 1 | |
| Strength of the Wild | 1 | |
| Reinforced Hides | 1 | |
13 total
» buildings
| Ziggurat | 14 | |
| Altar of Darkness | 1 | |
| Crypt | 2 | |
| Tomb of Relics | 2 | |
| Graveyard | 1 | |
| Nerubian Tower | 15 | |
| Halls of the Dead | 2 | |
| Black Citadel | 2 | |
| Spirit Tower | 4 | |
| Necropolis | 2 | |
| Sacrificial Pit | 1 | |
| Boneyard | 4 | |
50 total
» build order
00:58 Ziggurat
01:00 Altar of Darkness
01:05 Crypt
01:09 Tomb of Relics
01:14 Ziggurat
01:32 Graveyard
01:53 Nerubian Tower
02:07 Nerubian Tower
02:41 Crypt
02:56 Ziggurat
05:29 Ziggurat
06:09 Ziggurat
06:16 Ziggurat
06:22 Nerubian Tower
06:57 Halls of the Dead
06:57 Halls of the Dead
09:19 Black Citadel
09:37 Spirit Tower
09:39 Necropolis
11:09 Nerubian Tower
11:53 Sacrificial Pit
11:56 Ziggurat
13:23 Boneyard
13:23 Boneyard
13:24 Boneyard
13:25 Boneyard
14:45 Necropolis
16:00 Ziggurat
17:10 Nerubian Tower
17:14 Tomb of Relics
17:43 Nerubian Tower
19:13 Ziggurat
19:37 Ziggurat
19:40 Ziggurat
19:42 Ziggurat
20:07 Nerubian Tower
20:07 Nerubian Tower
25:37 Nerubian Tower
30:18 Ziggurat
30:21 Ziggurat
32:29 Spirit Tower
32:30 Spirit Tower
» items
| Rod of Necromancy | 3 | |
| Sacrificial Skull | 1 | |
| Scroll of Town Portal | 8 | |
| Potion of Healing | 7 | |
| Potion of Mana | 2 | |
| Orb of Corruption | 3 | |
| Scroll of Healing | 7 | |
| Scroll of Protection | 2 | |
| Potion of Lesser Invulnerability | 6 | |
39 total
WJE-Terror (
green | 25 APM | 1077 actions | 43:39)
4 Crypt Lord
1 Carrion Beetles
2 Spiked Carapace
1 Impale
3 Death Knight
2 Death Coil
1 Unholy Aura
» actions
| Basic commands | 149 | |
| Build / train | 62 | |
| Enter build submenu | 17 | |
| Enter hero's abilities submenu | 7 | |
| Remove unit from queue | 3 | |
| Right click | 498 | |
| Select / deselect | 301 | |
| Use ability | 40 | |
1077 total
» units
| Acolyte | 11 | |
| Ghoul | 11 | |
| Crypt Fiend | 12 | |
| Obsidian Statue | 6 | |
40 total
» upgrades
| Web | 1 | |
| Creature Attack | 2 | |
| Burrow | 1 | |
| Creature Carapace | 1 | |
5 total
» buildings
| Crypt | 2 | |
| Ziggurat | 6 | |
| Altar of Darkness | 1 | |
| Graveyard | 1 | |
| Tomb of Relics | 1 | |
| Halls of the Dead | 1 | |
| Slaughterhouse | 1 | |
| Black Citadel | 1 | |
| Sacrificial Pit | 1 | |
| Nerubian Tower | 1 | |
| Spirit Tower | 1 | |
17 total
» build order
00:17 Crypt
00:24 Ziggurat
00:40 Altar of Darkness
00:59 Crypt
01:38 Graveyard
02:02 Ziggurat
02:26 Tomb of Relics
04:12 Ziggurat
04:50 Halls of the Dead
10:11 Slaughterhouse
10:16 Ziggurat
10:20 Ziggurat
11:44 Black Citadel
14:24 Ziggurat
14:30 Sacrificial Pit
15:11 Nerubian Tower
19:53 Spirit Tower
» items
Chat log
(00:15 / All) BnetPolice: oj, for an old person u sure do play a lot of games...
(00:28 / All) puffpuffpassit1: im 23 bub
(00:32 / All) impulseeyoreor: only if all in.
(00:34 / All) BnetPolice: thats not wat u said earlier
(00:39 / All) BnetPolice: wats ur final age
(00:43 / All) Dotafan: I'm 53, you got a problem with that?
(00:45 / All) puffpuffpassit1: the other dude said he was 41
(00:51 / All) BnetPolice: he said he was 40
(00:52 / All) WJE-Terror: I'm 93
(00:55 / All) BnetPolice: i have a photographic memory
(00:57 / All) DoUevenLIFT.: im 1000000
(01:00 / All) Dotafan: Sure you do lol
(01:04 / All) WJE-Terror: lol so old bro
(01:27 / All) puffpuffpassit1: but ya i do like video games negro
(01:42 / All) BnetPolice: people dont use the term negro anymore, oj
(01:47 / All) puffpuffpassit1: lol
(01:48 / All) Dotafan: Whatever you say, Negro
(01:49 / All) BnetPolice: that went out about 4 decades ago
(01:54 / All) puffpuffpassit1: didnt want to offend
(02:06 / All) WJE-Terror: kneegrow
(02:11 / All) puffpuffpassit1: nice
(02:16 / All) BnetPolice: my grandparents also say negro
(02:19 / All) BnetPolice: its quite comical
(02:21 / All) puffpuffpassit1: idc
(02:45 / All) dontcare: i still say honkie
(02:56 / All) Dotafan: are you a sassy black woman?
(03:05 / All) dontcare: with a big butt, yes
(07:28 / Allies) Dotafan: tp
(07:57 / All) BnetPolice: tsk tsk
(08:28 / Allies) puffpuffpassit1: repair
(08:29 / Allies) Dotafan: repair
(08:34 / Allies) dontcare: shit
(10:31 / Allies) Kaelthas7: gryphs comin
(10:39 / Allies) Dotafan: they are just rushing but yellow looks like he is teching
(10:43 / Allies) Dotafan: haven't seen much from him
(17:13 / Allies) puffpuffpassit1: walk purp
(18:06 / Allies) Dotafan: lol
(18:07 / All) impulseeyoreor: lol
(18:09 / Allies) Dotafan: 1 hero
(18:15 / All) Dotafan: That was 1 hero bro
(18:24 / All) BnetPolice: a gay one at taht
(18:32 / All) Dotafan: how is it 'gay'?
(18:32 / All) impulseeyoreor: yea fuck you
(18:37 / All) impulseeyoreor: your a pest
(18:40 / All) BnetPolice: ur controlling him right?
(18:52 / All) Dotafan: I am making nothing but a hero this game you better not lose
(19:06 / All) Dotafan: teal sucks though so it's a high probability you will anyway
(19:10 / All) DoUevenLIFT.: we believe u
(19:23 / All) dontcare: lol
(19:29 / Allies) dontcare: my base got hit, so i suck
(19:39 / Allies) Dotafan: you had bad micro too
(19:57 / All) Dotafan: nice ghouls
(20:17 / All) Dotafan: sick micro bro
(20:30 / All) dontcare: nice towers red
(20:33 / All) Dotafan: thanks
(20:38 / All) dontcare: hope they do u well, by yourself
(20:42 / All) Dotafan: I'm proud of them
(23:38 / All) Dotafan: i went from lvl 3 to 7 from acolyte kills btw
(23:43 / All) Dotafan: and peasant kills and ghoul kills
(23:49 / All) dontcare: u want a cookie
(23:50 / Allies) Kaelthas7: nj lmao
(23:53 / All) DoUevenLIFT.: i went from lvl 1 to lvl 8 from killling teal btw
(24:02 / All) Dotafan: nice tp lol
(24:07 / All) dontcare: u and the rest of ur team
(24:45 / Allies) Dotafan: making tanks
(25:19 / Allies) dontcare: send tanks oj
(26:17 / Allies) dontcare: oj send ur tanks
(26:31 / All) dontcare: u said i was a bad micro
(26:35 / All) Dotafan: yes
(26:41 / All) dontcare: nice towers red
(26:50 / All) Dotafan: thanks I micro them too
(26:54 / All) Dotafan: when they aren't frozen
(26:57 / All) dontcare: congrates
(27:06 / Allies) Kaelthas7: red wts
(27:08 / Allies) Kaelthas7: wtf
(27:12 / Allies) Kaelthas7: u can own yellow
(27:20 / Allies) Kaelthas7: u were just watchin me die
(27:24 / Allies) Kaelthas7: nj red ...
(27:31 / All) dontcare: red just likes to burn holes in the ground
(27:35 / All) Dotafan: yes I do
(27:40 / All) Dotafan: ty for leaving wyrm behind
(28:04 / All) Dotafan: wow you guys lost when I dotaed almost all game
(31:00 / All) impulseeyoreor: thanks for getting units you lying sack of shit
(31:07 / All) Dotafan: yw
(31:46 / Allies) Dotafan: ?
(31:53 / Allies) puffpuffpassit1: tp right
(31:54 / Allies) puffpuffpassit1: go
(31:57 / Allies) dontcare: not so easy by urself
(32:50 / Allies) dontcare: better save that
(33:04 / Allies) Dotafan: ty
(33:17 / Allies) puffpuffpassit1: np
(33:21 / Allies) Dotafan: wp
(33:24 / All) Dotafan: lol
(33:32 / All) puffpuffpassit1: tsk tsk?
(33:48 / All) Dotafan: I got 3k what about you?
(35:07 / All) Dotafan: lol
(36:10 / All) Dotafan: you all sure are trying hard
(36:20 / All) BnetPolice: its just 2 of us, pumpkin
(36:28 / All) Dotafan: hence, you all
(36:28 / All) BnetPolice: green is afk, wats taking u so long?
(36:32 / All) Dotafan: rebuilding
(36:39 / All) puffpuffpassit1: trying
(36:41 / All) BnetPolice: sorry, I destroyed everything
(36:50 / All) Dotafan: nw I still have an expo and t3 on the way
(36:55 / All) Dotafan: just need wood
(37:24 / All) puffpuffpassit1: ahh
(37:26 / All) Dotafan: nice
(37:27 / All) Dotafan: free dk
(37:48 / All) puffpuffpassit1: gg
(37:50 / All) Dotafan: I dotaed you to death
(37:59 / All) puffpuffpassit1: gg kid
(38:00 / All) BnetPolice: dont hurt urself patting ur own back
(38:04 / All) puffpuffpassit1: kiddo
(38:05 / All) BnetPolice: u needed an ally to go afk
(38:05 / All) puffpuffpassit1: gg
(38:16 / All) puffpuffpassit1: gg lil kid
(38:19 / All) Dotafan: We had teal who was dead from the start and had to recover
(38:22 / All) puffpuffpassit1: sleepy time
(38:23 / All) BnetPolice: see
(38:27 / All) BnetPolice: he has 5k gold
(38:31 / All) BnetPolice: lucky u nubs :D
(38:35 / All) Dotafan: I got 4k
(38:45 / All) puffpuffpassit1: nice xpos tho yello
(39:55 / Allies) dontcare: this was a long game
(40:00 / All) Dotafan: He is whispering me now
(40:01 / All) Dotafan: He is mad
(41:20 / All) Dotafan: Send gryphons to the island
(41:30 / All) Dotafan: Gotta clear it out too
(41:45 / Allies) Kaelthas7: wow when did teal come back lol
(41:47 / Allies) Kaelthas7: nj teal